 Dungeon Crawl Stone Soup version 0.31-a0-210-gccc998df9b (webtiles) character file.

Game seed: 15887700901129170302

1789 Dylgear the Blocker (level 9, -1/68 HPs)
             Began as a Formicid Fighter on June 29, 2023.
             Was an Initiate of Wu Jian.
             Succumbed to a hornet's poison
             ... on level 7 of the Dungeon.
             The game lasted 00:17:53 (5602 turns).

Dylgear the Blocker (Formicid Fighter)              Turns: 5602, Time: 00:17:54

Health: -1/68      AC: 18    Str: 24    XL:     9   Next: 29%
Magic:  9/9        EV:  8    Int:  7    God:    Wu Jian [......]
Gold:   333        SH: 11    Dex: 15    Spells: 8/8 levels left

rFire   . . .        u - +0 broad axe (heavy)
rCold   . . .        o - +0 kite shield
rNeg    . . .        n - +0 chain mail
rPois   .            (helmet unavailable)
rElec   .            g - +0 cloak
rCorr   .            j - +1 pair of gloves
SInv    +            (no boots)
Will    .....        (no amulet) Stlth
                     p - +4 ring of protection
HPRegen 0.31/turn    (no ring)
MPRegen 0.11/turn

%: no passive effects
@: mighty, lethally poisoned (-1 -> -14)
A: permanent stasis, dig shafts and tunnels, antennae 3, four strong arms
a: Dig, Shaft Self, Renounce Religion


You were on level 7 of the Dungeon.
You worshipped Wu Jian.
Wu Jian was noncommittal.
You visited 2 branches of the dungeon, and saw 8 of its levels.

You collected 333 gold pieces.

Inventory:

Hand Weapons
 a - a +0 war axe of venom
 k - a +2 whip of pain
 u - a +0 heavy broad axe (weapon)
Missiles
 b - 3 boomerangs
 l - a throwing net
Armour
 c - a +0 buckler
 g - a +0 cloak (worn)
 j - a +1 pair of gloves (worn)
 n - a +0 chain mail (worn)
 o - a +0 kite shield (worn)
Jewellery
 h - an amulet of faith
 p - a +4 ring of protection (left hand)
Wands
 f - a wand of mindburst (6)
 q - a wand of acid (8)
Scrolls
 e - a scroll of fear
 s - a scroll of identify
Potions
 d - a potion of invisibility
 r - a potion of enlightenment {unknown}
 t - a potion of degeneration {unknown}


   Skills:
 + Level 5.0 Fighting
 * Level 7.6 Axes
 * Level 6.7 Armour
 + Level 1.5 Dodging
 + Level 1.5 Stealth
 * Level 8.0 Shields


You had 8 spell levels left.
You didn't know any spells.
Your spell library was empty.

Dungeon Overview and Level Annotations

Branches:
Dungeon (7/15)             Temple (1/1) D:6

Altars:
Ashenzari
Cheibriados
Dithmenos
Elyvilon
Fedhas
Gozag
Hepliaklqana
Kikubaaqudgha
Makhleb
Nemelex Xobeh
Okawaru
Qazlal
Ru
Sif Muna
Trog
Uskayaw
Vehumet
Wu Jian
Xom
Yredelemnul
Zin
The Shining One

Shops:
D:1 ?

Annotations:
D:5 2 transporters, Thug187's ghost, novice MfGl


Innate Abilities, Weirdness & Mutations

You cannot be hasted, slowed, berserked, paralysed or teleported.
You can dig through walls and to a lower floor.
You have a pair of large antennae on your head. (SInv)
Your four strong arms can wield two-handed weapons with a shield.


Message History

The hornet stings you.
You are poisoned.
Your stasis prevents you from being slowed.
You completely miss the hornet.
The hornet is almost dead.
You feel very sick. You block the hornet's attack. The hornet stings you.
Your stasis prevents you from being slowed.
You block the hornet's attack.
You barely miss the hornet.
The hornet is almost dead.
You feel very sick. The hornet barely misses you.
The hornet stings you but does no damage.
The hornet barely misses you.
You barely miss the hornet.
The hornet is almost dead.
You feel sick. The hornet stings you.
Your stasis prevents you from being paralysed.
The hornet stings you.
Your stasis prevents you from being slowed.
The hornet stings you!
You are more poisoned.
Your stasis prevents you from being slowed.
You closely miss the hornet.
The hornet is almost dead.
You feel very sick.
The hornet stings you but does no damage. x2
The hornet stings you!
* * * LOW HITPOINT WARNING * * *
You are lethally poisoned!
Your stasis prevents you from being slowed.
You open the hornet like a pillowcase!!!
You kill the hornet!
The Council accepts your kill.
* * * LOW HITPOINT WARNING * * *
You feel extremely sick.
Your Fighting skill increases to level 5!
Your Shields skill increases to level 8!
You die...

##.#.#.....#
#.#######
#.#...##..###.#
#........#...##
###########.##
#.# #.# ##
##.## ##.#
##...########
#<#
#....@.......
#.##
##...########
#.# ....#... ##
####..[## ##.##
#.# #. #+


There were no monsters in sight!

Vanquished Creatures
  A hornet (D:7)
  A water moccasin (D:6)
  An ice beast (D:6)
  A sky beast (D:6)
  A black bear (D:5)
  An ogre (D:6)
  A centaur (D:6)
  A phantom (D:5)
  A bullfrog (D:6)
  2 scorpions (D:5)
  5 wights (D:6)
  5 hounds
  A jelly (D:5)
  2 orc priests (D:2)
  A gnoll bouda (D:5)
  2 sleepcaps (D:6)
  2 orc wizards (D:5)
  8 gnolls
  A white imp (D:6)
  2 ufetubi
  3 adder zombies (D:3)
  2 worms
  4 orcs
  3 ball pythons
  4 endoplasms
  3 giant cockroaches
  5 goblins
  8 hobgoblins
  4 jackals (D:4)
  2 quokkas
  5 bats
  7 frilled lizards
  A kobold (D:2)
  5 rats
96 creatures vanquished.

Notes
Turn   | Place    | Note
-------+----------+-------------------------------------------
     0 | D:1      | Dylgear the Formicid Fighter began the quest for the Orb.
     0 | D:1      | Reached XP level 1. HP: 18/18 MP: 1/1
   219 | D:1      | Reached XP level 2. HP: 24/24 MP: 2/2
   389 | D:1      | Found Weiqazui's Magic Scroll Emporium.
   850 | D:1      | Reached XP level 3. HP: 30/30 MP: 3/3
  1392 | D:2      | Reached XP level 4. HP: 12/37 MP: 4/4
  1771 | D:2      | Reached XP level 5. HP: 10/42 MP: 5/5
  1772 | D:2      | HP: 2/42 [orc priest/+0 flail (2)]
  1774 | D:2      | Reached skill level 5 in Shields
  2157 | D:3      | Found a basalt altar of Yredelemnul.
  2338 | D:3      | Identified the +0 rapier "Tainih" {heavy, Fragile rElec
                  | Int+9 Dex-4}
  3054 | D:5      | Entered Level 5 of the Dungeon
  3150 | D:5      | Reached XP level 6. HP: 44/48 MP: 6/6
  3333 | D:5      | Found a transporter.
  3334 | D:5      | Noticed Thug187's ghost (novice MfGl)
  3336 | D:5      | Noticed an ogre
  3338 | D:5      | Noticed an ogre
  3341 | D:5      | Found a transporter.
  3356 | D:5      | Reached skill level 1 in Stealth
  3379 | D:5      | HP: 2/49 [acid (6)]
  3483 | D:5      | Noticed a black bear
  3496 | D:5      | Killed a black bear
  3497 | D:5      | Reached skill level 1 in Dodging
  3497 | D:5      | Reached XP level 7. HP: 23/55 MP: 7/7
  3672 | D:5      | Reached skill level 5 in Axes
  4126 | D:6      | Reached skill level 5 in Armour
  4265 | D:6      | Reached skill level 6 in Shields
  4265 | D:6      | Reached XP level 8. HP: 61/61 MP: 8/8
  4546 | D:6      | Found a staircase to the Ecumenical Temple.
  4552 | Temple   | Entered the Ecumenical Temple
  4575 | Temple   | Became a worshipper of the Wu Jian Council
  4972 | D:6      | Reached skill level 7 in Shields
  5239 | D:6      | Reached XP level 9. HP: 59/67 MP: 9/9
  5583 | D:7      | Noticed a hornet
  5601 | D:7      | Killed a hornet
  5601 | D:7      | HP: 1/67 [poisoned by a hornet]
  5602 | D:7      | Reached skill level 5 in Fighting
  5602 | D:7      | Reached skill level 8 in Shields
  5602 | D:7      | Succumbed to a hornet's poison

Illustrated notes

Levels and vault maps discovered:
D:1:      tekkud_arrival_beachfront_property, layout_loops_ring, serial_shops,
          nicolae_shop_pleasant_corner_grove
D:2:      layout_basic, ebering_dispersal_statue_hall, minmay_lizard_pond
D:3:      layout_basic, nicolae_yredelemnul_corpse_copse
D:4:      layout_basic, serial_glass, glass_columns_b, glass_columns_a
D:5:      layout_basic, gammafunk_ghost_smash, grunt_ministairs_8
D:6:      layout_basic, temple_green
D:7:      layout_loops_corners
Temple:   mainiacjoe_temple_hex_bubbles

Skill      XL: |  1  2  3  4  5  6  7  8  9 |
---------------+----------------------------+-----
Fighting       | 4 5 |  5.0
Axes           | 3 4 5 7 |  7.6
Shields        | 5 6 7 8 |  8.0
Armour         | 4 5 6 |  6.7
Stealth        | 1 |  1.5
Dodging        | 1 |  1.5

Action                     |  1- 3 |  4- 6 |  7- 9 || total
---------------------------+-------+-------+-------++-------
  Melee: War axe           |   107 |   107 |   138 ||   352
         Broad axe         |       |       |    15 ||    15
Ability: Lunge             |       |       |     2 ||     2
  Evoke: Wand              |       |       |     1 ||     1
    Use: Scroll            |     5 |     5 |     2 ||    12
         Potion            |     2 |     4 |     2 ||     8
 Armour: Scale mail        |    61 |    36 |       ||    97
         Chain mail        |       |    36 |    78 ||   114
  Dodge: Dodged            |    65 |    58 |    55 ||   178
  Block: Buckler           |    39 |    35 |     1 ||    75
         Kite shield       |       |       |    81 ||    81

Table legend: (Time is in decaauts)
 A = Elapsed time spent in this place.
 B = Non-inter-level travel time spent in this place.
 C = Inter-level travel time spent in this place.
 D = Time resting spent in this place.
 E = Time spent auto-exploring this place.
 F = Levels seen in this place.
 G = Mean time per level.
                   A        B        C        D        E       F      G
               +--------+--------+--------+--------+--------+-----+--------+
         Total |   5755 |   5161 |    594 |    853 |   2787 |   8 |  719.4 |
       Dungeon |   5518 |   4932 |    586 |    853 |   2569 |   7 |  788.3 |
        Temple |    236 |    228 |      8 |      0 |    218 |   1 |  236.0 |
               +--------+--------+--------+--------+--------+-----+--------+

Top non-repeatable levels by time:
     D:2: 1168 daAuts
     D:6: 1138 daAuts
     D:5: 1088 daAuts
     D:1: 878 daAuts
     D:4: 604 daAuts
     D:3: 567 daAuts
  Temple: 236 daAuts
     D:7: 72 daAuts
